 Dungeon Crawl Stone Soup version 0.21-a0-221-gfe971b9 (webtiles) character file.

116 tidbits the Skirmisher (level 4, 0/40 HPs)
             Began as a Demigod Wanderer on Aug 26, 2017.
             Slain by Purgy (1 damage)
             ... in a sewer.
             The game lasted 00:08:54 (813 turns).

tidbits the Skirmisher (Demigod Wanderer)            Turns: 813, Time: 00:08:55

Health: 0/40       AC:  5    Str: 19    XL:     4   Next: 43%
Magic:  9/9        EV: 11    Int: 17    God:
Gold:   64         SH:  0    Dex: 14    Spells: 4/6 levels left

rFire    + . .     SeeInvis +   a - +0 mace
rCold    . . .     Gourm    .   (no shield)
rNeg     . . .     Faith    +   B - +2 leather armour {rF+}
rPois    +         Spirit   .   (no helmet)
rElec    .         Reflect  .   (no cloak)
rCorr    .         Harm     .   (no gloves)
MR       .....     Clarity  +   (no boots)
Stlth    +.........             d - amulet of faith
HPRegen  0.13/turn              l - +2 ring of strength
MPRegen  0.11/turn              (no ring)

@: hasted, very quick
A: see invisible, clarity, high mp 1, poison resistance, screaming 1
a: no special abilities


You were in a sewer.
You were not hungry.

You visited 1 branch of the dungeon, and saw 4 of its levels.
You also visited: Sewer.

You collected 64 gold pieces.

Inventory:

Hand Weapons
 a - a +0 mace (weapon)
 b - a +0 hunting sling
 h - a +0 dagger
Missiles
 e - 18 sling bullets
 g - 53 stones (quivered)
Armour
 B - a +2 leather armour of fire resistance (worn)
   (You found it on level 1 of the Dungeon)
Jewellery
 d - an amulet of faith (around neck)
   (You took it off a goblin on level 1 of the Dungeon)
 l - a +2 ring of strength (left hand)
   (You found it on level 1 of the Dungeon)
Scrolls
 k - a scroll of amnesia {unknown}
 o - a scroll of magic mapping {unknown}
 r - a scroll of remove curse
Books
 i - a book of Callings

   Spells                             Type                      Level
   a - Summon Small Mammal            Summoning                    1
   b - Call Imp                       Summoning                    2
   c - Call Canine Familiar           Summoning                    3
   d - Summon Guardian Golem          Hexes/Summoning              3
   e - Summon Lightning Spire         Summoning/Air                4
   f - Summon Ice Beast               Ice/Summoning                4
 m - the Guide on Bewitchment

   Spells                             Type                      Level
   a - Corona                         Hexes                        1
   b - Dazzling Spray                 Conjuration/Hexes            3
Comestibles
 f - 2 bread rations
 n - a chunk of flesh


   Skills:
 + Level 3.9 Fighting
 - Level 1.0 Maces & Flails
 - Level 1.0 Armour
 - Level 1.2 Dodging
 - Level 1.0 Stealth
   Level 1.0 Shields
 - Level 1.7 Spellcasting
 - Level 1.7 Summonings
   Level 1.0 Necromancy


You had 4 spell levels left.
You knew the following spells:

 Your Spells              Type           Power        Failure   Level  Hunger
C - Call Imp              Summ           #.......     17%         2    ###....


Dungeon Overview and Level Annotations

Branches:
Dungeon (4/15)
 Temple: D:4-7

Annotations:
D:3 Moloch's ghost, amateur DsFi Sewer Purgy


Innate Abilities, Weirdness & Mutations

You have an increased reservoir of magic. (+10% MP)
You have supernaturally acute eyesight. (SInv)
You possess an exceptional clarity of mind.
Your system is resistant to poisons. (rPois)
You occasionally shout uncontrollably at your foes.


Message History

Wield which item (- for none, * to show all)? (? for menu, Esc to quit)
a - a +0 mace (weapon)
You hit Purgy.
Purgy is lightly wounded.
Purgy misses you. Purgy barely misses you. Purgy closely misses you.
You hit Purgy.
Purgy is lightly wounded.
Purgy closely misses you. Purgy claws you. x2
You closely miss Purgy.
Purgy is lightly wounded.
Purgy bites you. Purgy claws you but does no damage. x2
Some of the chunks of flesh in your inventory have rotted away.
You hit Purgy but do no damage.
Purgy is lightly wounded.
You hit Purgy.
Purgy is lightly wounded.
Purgy bites you but does no damage. Purgy claws you.
* * * LOW HITPOINT WARNING * * *
Purgy closely misses you.
You hit Purgy.
Purgy is lightly wounded.
Purgy barely misses you. Purgy claws you but does no damage. Purgy claws you.
* * * LOW HITPOINT WARNING * * *
You feel better. Purgy barely misses you. Purgy claws you but does no damage.
Purgy barely misses you.
You closely miss Purgy.
Purgy is lightly wounded.
Purgy snarls, "Go!
Away!"
Purgy barely misses you. Purgy claws you. Purgy barely misses you.
You hit Purgy but do no damage.
Purgy is lightly wounded.
Purgy bites you but does no damage. Purgy closely misses you.
Purgy claws you but does no damage.
You hit Purgy.
Purgy is moderately wounded.
Purgy bites you but does no damage. Purgy barely misses you. x2
You sock Purgy!
Purgy is heavily wounded.
Purgy closely misses you. Purgy claws you but does no damage. x2
You hit Purgy but do no damage.
Purgy is heavily wounded.
Purgy bites you. Purgy claws you but does no damage. Purgy claws you.
* * * LOW HITPOINT WARNING * * *
You barely miss Purgy.
Purgy is heavily wounded.
Purgy completely misses you. Purgy closely misses you.
Purgy claws you but does no damage.
You closely miss Purgy.
Purgy is moderately wounded.
You barely miss Purgy.
Purgy is moderately wounded.
Purgy barely misses you. x2; Purgy claws you but does no damage.
You hit Purgy.
Purgy is heavily wounded.
Purgy bites you but does no damage. Purgy claws you.
* * * LOW HITPOINT WARNING * * *
Purgy claws you but does no damage.
You hit Purgy.
Purgy is heavily wounded.
Purgy bites you.
* * * LOW HITPOINT WARNING * * *
Purgy closely misses you. Purgy barely misses you.
You closely miss Purgy.
Purgy is heavily wounded.
Purgy bites you.
* * * LOW HITPOINT WARNING * * *
Purgy claws you.
* * * LOW HITPOINT WARNING * * *
Purgy claws you.
* * * LOW HITPOINT WARNING * * *
You feel better. Purgy bites you.
* * * LOW HITPOINT WARNING * * *
Purgy claws you.
* * * LOW HITPOINT WARNING * * *
Purgy barely misses you.
You barely miss Purgy.
Purgy is heavily wounded.
You barely miss Purgy.
Purgy is heavily wounded.
Purgy barely misses you. Purgy claws you.
* * * LOW HITPOINT WARNING * * *
Purgy barely misses you.
You hit Purgy but do no damage.
Purgy is heavily wounded.
Purgy bites you.
* * * LOW HITPOINT WARNING * * *
Purgy barely misses you. Purgy closely misses you.
You closely miss Purgy.
Purgy is heavily wounded.
Purgy bites you but does no damage. Purgy claws you but does no damage.
Purgy closely misses you.
You closely miss Purgy.
Purgy is heavily wounded.
Purgy bites you.
* * * LOW HITPOINT WARNING * * *
Purgy claws you but does no damage. Purgy misses you.
You sock Purgy!
Purgy is heavily wounded.
Purgy bites you.
You die...

#≈≈≈≈≈≈≈≈≈≈≈≈≈≈≈≈#
≈≈≈≈≈≈≈≈≈≈≈≈≈≈≈≈≈##
≈≈≈≈≈≈≈≈≈≈≈≈≈≈≈≈≈≈##
≈≈≈≈≈≈≈≈≈≈≈≈≈≈≈≈≈≈≈##
≈≈≈≈≈≈≈≈≈≈≈≈≈≈≈≈≈≈≈≈##
≈≈≈≈≈≈≈≈≈≈≈≈≈≈≈≈≈≈≈≈≈#
≈≈≈≈≈≈≈≈≈≈≈≈≈≈≈≈≈≈≈≈≈##
≈≈.≈≈.≈T≈.#≈≈≈≈≈≈≈≈≈≈≈##
≈.##.#≈#@###≈≈≈≈≈≈≈≈≈≈≈##
#.### ###≈≈≈≈≈≈≈≈≈≈≈ #T
#≈≈≈≈≈≈≈≈≈≈# #.
#.≈≈≈≈≈≈≈≈≈# #.
#.≈≈≈≈≈≈≈≈≈≈ #.
###≈≈≈≈≈≈≈≈≈ #≈
#≈≈≈≈≈≈≈≈≈ ##≈≈≈≈≈≈≈≈
#..≈≈≈≈≈≈


You could see Purgy.

Vanquished Creatures
  A bullfrog zombie (D:3)
  5 adders
  A leopard gecko (D:1)
  An orc (D:4)
  4 giant cockroaches
  6 goblins
  3 hobgoblins (D:1)
  3 jackals (D:1)
  3 kobolds (D:1)
  2 ball pythons (Sewer)
  3 bats (D:1)
  3 frilled lizards (Sewer)
  A rat (D:2)
36 creatures vanquished.

Notes
Turn   | Place    | Note
-------+----------+-------------------------------------------
     0 | D:1      | tidbits the Demigod Wanderer began the quest for the Orb.
     0 | D:1      | tidbits set off with: a book of Callings, the Guide on Bewitchment, a +0 mace, a +0 robe, a bread ration
     0 | D:1      | Reached XP level 1. HP: 16/16 MP: 5/5
     0 | D:1      | Identified the Guide on Bewitchment
    86 | D:1      | Reached skill level 1 in Dodging
   166 | D:1      | Reached XP level 2. HP: 15/23 MP: 7/7
   170 | D:1      | Learned a level 2 spell: Call Imp
   404 | D:2      | Reached skill level 2 in Fighting
   489 | D:2      | Reached XP level 3. HP: 30/30 MP: 8/8
   571 | D:3      | Reached skill level 3 in Fighting
   579 | D:3      | Found a glowing drain.
   595 | D:3      | Gained mutation: You possess an exceptional clarity of mind. [potion of mutation]
   595 | D:3      | Gained mutation: You occasionally shout uncontrollably at your foes. [potion of mutation]
   595 | D:3      | Gained mutation: Your system is resistant to poisons. (rPois) [potion of mutation]
   595 | D:3      | Gained mutation: You have supernaturally acute eyesight. (SInv) [potion of mutation]
   617 | D:3      | Reached XP level 4. HP: 22/38 MP: 9/9
   640 | D:3      | Noticed Moloch's ghost (amateur DsFi)
   640 | Sewer    | Entered a sewer
   659 | Sewer    | HP: 4/40 [ball python (1)]
   785 | Sewer    | Noticed Purgy
   806 | Sewer    | HP: 3/40 [Purgy (4)]
   806 | Sewer    | HP: 1/40 [Purgy (2)]
   812 | Sewer    | HP: 1/40 [Purgy (2)]
   813 | Sewer    | Slain by Purgy

Vault maps used:
D:1:      dpeg_arrival_short_road, supply_closet_lemuel,
          corexii_item_surrounded_by_moat, minmay_surrounded
D:2:      serial_bayou_pond_e
D:3:      gup_sewer_entry_glass, uniq_robin, uniq_natasha
Sewer:    sewer_co_purgy_island

Skill      XL: |  1  2  3 |
---------------+----------+-----
Dodging        | 1 |  1.2
Fighting       | 2 3 |  3.9
Maces & Flails | |  1.0
Armour         | |  1.0
Stealth        | |  1.0
Shields        | |  1.0
Spellcasting   | |  1.7
Summonings     | |  1.7
Necromancy     | |  1.0

Action                   |  1- 3 |  4- 6 || total
-------------------------+-------+-------++-------
Melee: Mace              |    47 |    51 ||    98
 Fire: Hunting sling     |    53 |     1 ||    54
Throw: Stone             |     1 |       ||     1
  Use: Potion            |     6 |     4 ||    10
       Scroll            |     1 |       ||     1
Armor: Robe              |    12 |       ||    12
       Leather armour    |     6 |    42 ||    48
Dodge: Dodged            |    60 |    57 ||   117

Table legend:
 A = Spawn XP
 B = Non-spawn XP
 C = Spawn XP percentage of total XP
 D = Spawn monster count
 E = Non-spawn monster count
 F = Spawn count percentage of total count
 G = Total turns spent on level
                    A         B        C        D         E        F      G
               +---------+---------+-------+---------+---------+-------+---------
         Total |       5 |     162 |   3.0 |       3 |      33 |   8.3 |   813
               +---------+---------+-------+---------+---------+-------+---------
           D:1 |       5 |      25 |  16.7 |       3 |      14 |  17.6 |   397
           D:2 |       0 |      20 |   0.0 |       0 |       5 |   0.0 |   120
           D:3 |       0 |      95 |   0.0 |       0 |       7 |   0.0 |   116
           D:4 |       0 |       3 |   0.0 |       0 |       1 |   0.0 |     7
         Sewer |       0 |      19 |   0.0 |       0 |       6 |   0.0 |   173
               +---------+---------+-------+---------+---------+-------+---------

Table legend:
 A = Turns spent in this place as a percentage of turns spent in the entire game.
 B = Non-inter-level travel turns spent in this place as a percentage of non-inter-level travel turns spent in the entire game.
 C = Inter-level travel turns spent in this place as a percentage of turns spent in this place.
 D = Turns resting spent in this place as a percentage of non-inter-level travel turns spent in this place.
 E = Turns spent auto-exploring this place as a percentage of non-inter-level travel turns spent in this place.
 F = Non-inter-level travel turns spent in this place divided by the number of levels of this place that you've seen.
                   A       B       C       D       E      F
               +-------+-------+-------+-------+-------+----------------------
         Total | 100.0 | 100.0 |   0.0 |   0.0 |   0.0 | 162.6
       Dungeon |  78.7 |  78.7 |   0.0 |   0.0 |   0.0 | 160.0
         Sewer |  21.3 |  21.3 |   0.0 |   0.0 |   0.0 | 173.0
               +-------+-------+-------+-------+-------+----------------------

Table legend:
 A = Kills in this place as a percentage of kills in entire the game.
 B = Kills by you in this place as a percentage of kills by you in the entire game.
 C = Kills by friends in this place as a percentage of kills by friends in the entire game.
 D = Other kills in this place as a percentage of other kills in the entire game.
 E = Experience gained in this place as a percentage of experience gained in the entire game.
 F = Experience gained in this place divided by the number of levels of this place that you have seen.
                   A       B       C       D       E      F
               +-------+-------+-------+-------+-------+----------------------
         Total | 100.0 | 100.0 |   N/A |   N/A | 100.0 |  33.4
       Dungeon |  83.3 |  83.3 |   N/A |   N/A |  88.6 |  37.0
         Sewer |  16.7 |  16.7 |   N/A |   N/A |  11.4 |  19.0
               +-------+-------+-------+-------+-------+----------------------

Vault maps used:
D:1:      dpeg_arrival_short_road, supply_closet_lemuel,
          corexii_item_surrounded_by_moat, minmay_surrounded
D:2:      serial_bayou_pond_e
D:3:      gup_sewer_entry_glass, uniq_robin, uniq_natasha
Sewer:    sewer_co_purgy_island
